 Dungeon Crawl Stone Soup version 0.30-a0-776-g08fbeb92c1 (console) character file.

Game seed: 5305155451870944137

16406 Ignak the Fighter (level 12, -2/108 (115) HPs)
             Began as an Ogre Hedge Wizard on Feb 13, 2023.
             Was a Follower of Okawaru.
             Slain by a sun demon (12 damage)
             ... summoned by an orc sorcerer
             ... while paralysed by an orc sorcerer
             ... on level 2 of the Orcish Mines.
             The game lasted 00:34:11 (13932 turns).

Ignak the Fighter (Ogre Hedge Wizard)              Turns: 13932, Time: 00:34:11

HP:   -2/108 (115)  AC:  8    Str: 25    XL:     12   Next: 37%
MP:   25/25         EV:  1    Int: 18    God:    Okawaru [*.....]
Gold: 772           SH:  0    Dex:  8    Spells: 19/30 levels left

rFire   . . .      SeeInvis .    J - +3 battleaxe (freeze)
rCold   + . .      Faith    .    (shield currently unavailable)
rNeg    . . .      Spirit   .    H - +1 troll leather armour
rPois   .          Reflect  +    i - +2 hat {Int+3}
rElec   .          Harm     .    h - scarf {repulsion}
rCorr   .          Rampage  .    (gloves unavailable)
Will    ++...                    (boots unavailable)
Stlth   +                        o - amulet of reflection
HPRegen 1.18/turn                A - ring of protection from cold
MPRegen 0.19/turn                j - ring "Genuyku" {Will+ Str+6}

@: paralysed, studying Long Blades, drained, repel missiles
A: large, unfitting armour, tough skin 1, frail 1, weak 1
a: Renounce Religion, Heroism


You were on level 2 of the Orcish Mines.
You worshipped Okawaru.
Okawaru was aware of your devotion.
You visited 3 branches of the dungeon, and saw 14 of its levels.

You collected 784 gold pieces.
You spent 12 gold pieces at shops.

Inventory:

Hand Weapons
 b - a +2 short sword of electrocution
 n - a +0 giant spiked club
 D - a +2 heavy morningstar
 J - a +3 battleaxe of freezing (weapon)
Missiles
 y - 3 large rocks (quivered)
 B - 2 throwing nets
Armour
 d - a +2 robe of willpower
 e - an orb of energy
 h - a scarf of repulsion (worn)
 i - a +2 hat of intelligence (worn)
 H - a +1 troll leather armour (worn)
Jewellery
 j - the ring "Genuyku" (right hand) {Will+ Str+6}
   (You acquired it on level 7 of the Dungeon)

   [ring of strength]

   Str:       It affects your strength (+6).
   Will:      It increases your willpower.
 o - an amulet of reflection (around neck)
 A - a ring of protection from cold (left hand)
 I - a ring of magical power
Wands
 g - a wand of roots (4)
 z - a wand of mindburst (20)
 F - a wand of paralysis (6)
Scrolls
 l - 2 scrolls of blinking
 q - a scroll of teleportation
 s - 3 scrolls of fear
 t - a scroll of amnesia
 x - a scroll of summoning
 C - 2 scrolls of magic mapping
 G - a scroll of silence
 K - a scroll of noise {unknown}
Potions
 c - 3 potions of ambrosia
 f - 2 potions of heal wounds
 k - 2 potions of might
 m - 4 potions of curing
 p - a potion of attraction {unknown}
 r - 3 potions of flight
 u - a potion of lignification
 v - 3 potions of brilliance
 w - a potion of haste
 E - a potion of berserk rage {unknown}
Miscellaneous
 a - a condenser vane


   Skills:
 + Level 10.9 Fighting
 + Level 8.2 Axes
 - Level 4.0 Armour
 + Level 7.9 Dodging
 - Level 1.4 Stealth
 + Level 9.9 Spellcasting
 - Level 3.0 Conjurations
 - Level 0.8 Summonings
 + Level 7.0 Necromancy
 - Level 3.0 Translocations
 - Level 2.0 Air Magic
 - Level 2.0 Poison Magic
 * Level 1.1 Invocations


You had 19 spell levels left.
You knew the following spells:

 Your Spells              Type           Power      Damage    Failure   Level
a - Magic Dart            Conj           76%        1d6       2%          1
b - Blink                 Tloc           38%        N/A       4%          2
c - Vampiric Draining     Necr           34%        2d8       1%          3
d - Mephitic Cloud        Conj/Pois/Air  17%        N/A       11%         3
e - Call Imp              Summ           12%        N/A       10%         2

Your spell library contained the following spells:

 Spells                   Type           Power      Damage    Failure   Level
 Necrotise                Necr           100%       1d9       1%          1
 Apportation              Tloc           38%        N/A       2%          1
 Cigotuvi's Dreadful Rot  Necr/Pois/Air  44%        N/A       3%          2
 Slow                     Hex            32%        N/A       9%          1
 Portal Projectile        Hex/Tloc       28%        N/A       14%         3
 Agony                    Necr           34%        N/A       14%         5
 Leda's Liquefaction      Hex/Erth       4%         N/A       65%         4
 Alistair's Intoxication  Tmut/Pois      8%         N/A       86%         5
 Borgnjor's Revivificati  Necr           17%        N/A       100%        8
 Necromutation            Tmut/Necr      10%        N/A       100%        8
 Death's Door             Necr           17%        N/A       100%        9
 Call Canine Familiar     Summ           Unusable   N/A       N/A         3

Dungeon Overview and Level Annotations

Branches:
Dungeon (11/15)            Temple (1/1) D:5            Lair (0/5) D:9
    Orc (2/2) D:9
    Elf: Orc:2

Altars:
Ashenzari
Cheibriados
Dithmenos
Elyvilon
Fedhas
Gozag
Hepliaklqana
Kikubaaqudgha
Makhleb
Nemelex Xobeh
Okawaru
Qazlal
Ru
Sif Muna
Trog
Uskayaw
Vehumet
Wu Jian
Xom
Yredelemnul
Zin
The Shining One

Shops:
D:8 [   D:9 *

Portals:
Trove: D:10 (give 8 scrolls of blinking)


Innate Abilities, Weirdness & Mutations

You are too large for most types of armour.
You have tough skin. (AC +1)
You are frail. (-10% HP)
You are weak. (Str -2)


Message History

The orc sorcerer mumbles some strange words.
You completely miss the orc sorcerer. You hit the neqoxec.
You freeze the neqoxec. The orc sorcerer completely misses you.
The neqoxec barely misses you.
You hit the orc sorcerer but do no damage.
You slash the neqoxec! You freeze the neqoxec! The neqoxec gestures at you.
Strange energies course through your body.
You feel frail.
The orc sorcerer hits you with a +0 dagger.
You closely miss the orc sorcerer. You hit the neqoxec but do no damage.
The orc sorcerer hits you with a +0 dagger.
The neqoxec gestures at you.
Strange energies course through your body.
You feel weaker.
You barely miss the orc sorcerer. You slash the neqoxec!
You freeze the neqoxec.
You kill the neqoxec!
The neqoxec disappears in a puff of smoke!
You block the orc sorcerer's attack. The orc sorcerer closely misses you.
You barely miss the orc sorcerer.
The orc sorcerer wildly gestures.
The orc sorcerer shimmers violently.
The orc sorcerer barely misses you.
You closely miss the orc sorcerer.
The orc sorcerer mumbles some strange words.
You barely miss the orc sorcerer.
The orc sorcerer points at you and mumbles some strange words.
The bolt of negative energy hits you!!
You feel drained.
The orc sorcerer gestures at you while chanting.
You suddenly lose the ability to move!
The sun demon hits you.
You are engulfed in flames!
The orc sorcerer gestures at you while chanting.
The bolt of fire hits you!! The sun demon hits you!
* * * LOW HITPOINT WARNING * * *
You are engulfed in flames!
* * * LOW HITPOINT WARNING * * *
The sun demon hits you!
You die...

...............
..#............
...............
............
##.........
#$.......#
##....o$.##
##....3@...#.#.
#..............
.......<.......
#............#.
###.#.......#..
#..$##...#....
#... .........
##.# ...##.#.#
## #.## ..##


You could see a sun demon (summoned) and an orc sorcerer.

Vanquished Creatures
  Josephine (D:9)
  Harold (D:10)
  3 two-headed ogres
  Pikel (D:6)
  2 orc sorcerers
  An ugly thing (D:10)
  2 gargoyles (D:10)
  2 unseen horrors (D:10)
  Maggie (D:6)
  A komodo dragon (D:10)
  A queen bee (D:9)
  A hornet (D:9)
  2 trolls
  3 wyverns
  3 wraiths (D:9)
  17 yaks
  A basilisk (D:9)
  2 vampire mosquitoes (D:10)
  2 wargs (D:9)
  Duvessa (D:6)
  A water moccasin (D:4)
  6 orc warriors
  2 ice beasts
  3 black bears
  6 ogres
  2 centaurs
  A lemure (D:6)
  A phantom (D:3)
  A bullfrog (D:6)
  A gnoll sergeant (D:7)
  3 scorpions
  2 necrophages
  3 wights (D:9)
  Dowan (D:6)
  24 killer bees
  8 howler monkeys
  A hound (D:6)
  2 jellies
  7 orc priests
  An iron imp (D:3)
  An iguana (D:4)
  5 orc wizards
  A gnoll (D:10)
  4 adders
  A shadow imp (D:6)
  2 white imps (D:6)
  3 worms
  7 dart slugs
  27 orcs
  8 endoplasms
  4 giant cockroaches
  7 goblins
  7 hobgoblins
  3 quokkas
  5 ball pythons
  8 bats
  4 frilled lizards
  13 kobolds
  3 rats
237 creatures vanquished.

Vanquished Creatures (collateral kills)
  A water moccasin (D:8)
  A black bear (D:6)
  A kobold brigand (D:9)
  A scorpion (D:5)
  A necrophage (D:6)
  4 killer bees (D:9)
  An iron imp (D:3)
  2 jellies
  An orc priest (D:5)
  An iguana (D:6)
  3 gnolls (D:4)
  2 adders
  An orc (D:5)
  A bat (D:1)
  An endoplasm (D:1)
  A giant cockroach (D:3)
  A goblin (D:1)
  3 quokkas
27 creatures vanquished.

Vanquished Creatures (others)
  A killer bee (D:9)
  An electric eel (D:8)
  4 fungi (D:8)
  4 plants
10 creatures vanquished.

Grand Total: 274 creatures vanquished

Notes
Turn   | Place    | Note
-------+----------+-------------------------------------------
     0 | D:1      | Ignak the Ogre Hedge Wizard began the quest for the Orb.
     0 | D:1      | Reached XP level 1. HP: 16/16 MP: 5/5
    85 | D:1      | Reached skill level 1 in Conjurations
    85 | D:1      | Reached skill level 1 in Translocations
   259 | D:1      | Reached XP level 2. HP: 26/26 MP: 6/6
   275 | D:1      | Learned a level 2 spell: Blink
   278 | D:1      | Learned a level 2 spell: Call Imp
   418 | D:1      | Reached skill level 1 in Fighting
   978 | D:1      | Reached XP level 3. HP: 24/33 MP: 5/8
   982 | D:1      | Learned a level 3 spell: Mephitic Cloud
  1161 | D:1      | Found a faded altar of an unknown god.
  2181 | D:3      | Reached skill level 2 in Fighting
  2203 | D:3      | Reached XP level 4. HP: 42/42 MP: 6/9
  2316 | D:3      | Found a burning altar of Makhleb.
  3013 | D:3      | Reached skill level 1 in Armour
  3209 | D:3      | Reached skill level 1 in Axes
  3209 | D:3      | Reached XP level 5. HP: 14/49 MP: 9/11
  3433 | D:4      | Reached skill level 1 in Poison Magic
  3439 | D:4      | Reached skill level 1 in Air Magic
  3439 | D:4      | Reached XP level 6. HP: 40/59 MP: 10/12
  3638 | D:4      | Learned a level 3 spell: Vampiric Draining
  3695 | D:4      | Reached skill level 1 in Necromancy
  4166 | D:4      | Reached XP level 7. HP: 65/66 MP: 13/13
  4241 | D:4      | Reached skill level 3 in Fighting
  4844 | D:5      | Entered Level 5 of the Dungeon
  5064 | D:4      | HP: 1/67 [poisoned by a water moccasin]
  5278 | D:5      | Found a staircase to the Ecumenical Temple.
  5284 | Temple   | Entered the Ecumenical Temple
  5846 | D:5      | Reached XP level 8. HP: 44/76 MP: 5/15
  6208 | D:6      | Noticed Pikel
  6273 | D:6      | Killed Pikel
  6274 | D:6      | Reached skill level 4 in Fighting
  6274 | D:6      | Reached skill level 5 in Spellcasting
  6467 | D:6      | Found a hazy altar of Hepliaklqana.
  6471 | D:6      | Reached XP level 9. HP: 87/87 MP: 17/17
  6484 | D:6      | Reached skill level 5 in Fighting
  6680 | D:6      | Noticed Duvessa
  6680 | D:6      | Noticed Dowan
  6715 | D:6      | Killed Duvessa
  6716 | D:6      | Killed Dowan
  6822 | D:6      | Noticed Maggie
  6826 | D:6      | Paralysed by Maggie for 3 turns
  6836 | D:6      | Killed Maggie
  7625 | D:7      | Reached skill level 6 in Fighting
  7870 | D:7      | Noticed a troll
  7917 | D:6      | Killed a troll
  8174 | D:7      | Identified a scroll of acquirement
  8174 | D:7      | Acquired the ring "Genuyku" {Will+ Str+6}
  8309 | D:7      | Reached skill level 5 in Dodging
  8355 | D:7      | Reached XP level 10. HP: 76/100 MP: 10/20
  8446 | D:7      | Found a hide-covered altar of Uskayaw.
  8454 | D:7      | Acquired a +2 hat of intelligence
  8648 | D:8      | Reached skill level 5 in Axes
  8654 | D:8      | Reached skill level 7 in Fighting
  8847 | D:8      | Found Ybemosytt's Armour Shop.
  9061 | D:9      | HP: 5/102 [poisoned by a hornet]
 10185 | D:9      | Found an ancient bone altar of Kikubaaqudgha.
 10355 | D:9      | Noticed a two-headed ogre
 10366 | D:9      | Killed a two-headed ogre
 10508 | D:9      | Noticed a two-headed ogre
 10522 | D:9      | Killed a two-headed ogre
 10523 | D:9      | Reached skill level 8 in Fighting
 10827 | D:9      | Reached skill level 5 in Necromancy
 10908 | D:9      | Found a staircase to the Orcish Mines.
 10966 | D:9      | Reached XP level 11. HP: 97/113 MP: 17/23
 10982 | D:9      | Found Zosch's CLEARANCE SALE!.
 10986 | D:9      | Bought a potion of curing for 12 gold pieces
 11058 | D:9      | Found a staircase to the Lair.
 11103 | D:9      | Reached skill level 9 in Fighting
 11366 | D:10     | Entered Level 10 of the Dungeon
 11854 | D:10     | Found a white marble altar of Elyvilon.
 11991 | D:10     | Noticed a two-headed ogre
 12005 | D:10     | Killed a two-headed ogre
 12244 | D:10     | Found a portal to a secret trove of treasure.
 12379 | D:10     | Noticed Harold
 12387 | D:10     | Reached skill level 10 in Fighting
 12392 | D:10     | Killed Harold
 12520 | D:10     | Noticed a red ugly thing
 12532 | D:10     | Killed a red ugly thing
 12578 | D:10     | You fall into a shaft and drop 1 floor!
 12698 | D:10     | Found an iron altar of Okawaru.
 12698 | D:10     | Found a glowing silver altar of Zin.
 12704 | D:10     | Found a sacrificial altar of Ru.
 12706 | D:10     | Became a worshipper of Warmaster Okawaru
 12717 | D:10     | Reached XP level 12. HP: 94/126 MP: 25/25
 12717 | D:10     | Found an opulent altar of Gozag.
 12718 | D:10     | Found a faded altar of an unknown god.
 13094 | D:10     | Found a sparkling altar of Nemelex Xobeh.
 13240 | Orc:1    | Entered Level 1 of the Orcish Mines
 13241 | Orc:1    | Noticed Josephine
 13364 | D:9      | Reached * piety under Okawaru
 13393 | D:9      | Killed Josephine
 13745 | Orc:1    | Reached skill level 1 in Invocations
 13921 | Orc:2    | Entered Level 2 of the Orcish Mines
 13925 | Orc:2    | Gained mutation: You are frail. (-10% HP) [a neqoxec]
 13926 | Orc:2    | Gained mutation: You are weak. (Str -2) [a neqoxec]
 13930 | Orc:2    | Noticed a sun demon
 13930 | Orc:2    | Paralysed by an orc sorcerer for 3 turns
 13932 | Orc:2    | Slain by a sun demon

Illustrated notes

Levels and vault maps discovered:
D:1:      lemuel_arrival_cross, layout_loops_corners,
          shapermc_ecumenical_altar_mp_highgroup
D:2:      layout_loops_ring
D:3:      minmay_razor_zed, layout_rooms, demons_altar, serial_bayou_pond_b,
          nicolae_underground_beach
D:4:      layout_basic
D:5:      layout_basic, minmay_temple_entry_hall
D:6:      layout_basic, nicolae_hepliaklqana_hazy_memory, uniq_pikel,
          uniq_maggie, uniq_duvessa
D:7:      layout_rooms, overflow_temple_1_default, kennysheep_small_square
D:8:      layout_layer_cave, serial_shops, shop_fountains, fungi_pond_lemuel
D:9:      layout_roguey, lemuel_crystal_altar, david_lair_generic,
          david_orc_1_choice, special_room [special_room_bee],
          roderic_roman_lattice, nicolae_shop_clearance
D:10:     layout_roguey, mainiacjoe_overflow_brackets,
          mainiacjoe_overflow_alcove_4, chequers_temple_overflow_minitemple,
          nicolae_trove_entry_columns, grunt_ministairs_1, uniq_harold
D:11:     layout_cave_pods, nicolae_dithmenos_the_darkroom, uniq_grum
Temple:   chequers_temple_sunken
Orc:1:    layout_diamond_mine, uniq_josephine
Orc:2:    st_orc_rangers, layout_caves, uniq_snorg

Skill      XL: |  1  2  3  4  5  6  7  8  9 10 11 12 |
---------------+-------------------------------------+-----
Conjurations   | 1 2 3 |  3.0
Translocations | 1 2 3 |  3.0
Fighting       | 1 2 3 4 6 8 10 | 10.9
Dodging        | 2 3 5 6 7 |  7.9
Armour         | 1 2 3 4 |  4.0
Axes           | 1 2 3 4 6 7 8 |  8.2
Spellcasting   | 4 5 6 8 9 |  9.9
Poison Magic   | 1 2 |  2.0
Air Magic      | 1 2 |  2.0
Necromancy     | 1 2 4 5 6 7 |  7.0
Invocations    | 1 |  1.1
Stealth        | |  1.4
Summonings     | |  0.8

Action                     |  1- 3 |  4- 6 |  7- 9 | 10-12 || total
---------------------------+-------+-------+-------+-------++-------
  Melee: Dagger            |    36 |       |       |       ||    36
         Club              |    57 |       |       |       ||    57
         Punch             |     1 |     1 |     2 |     1 ||     5
         Short sword       |    47 |   121 |    42 |       ||   210
         Hand axe          |       |    70 |    86 |       ||   156
         Whip              |       |       |   108 |   136 ||   244
         Battleaxe         |       |       |       |   278 ||   278
  Throw: Large rock        |       |       |    25 |    23 ||    48
   Cast: Call Imp          |     9 |    17 |    24 |    14 ||    64
         Magic Dart        |     4 |     8 |       |       ||    12
         Blink             |       |     2 |     8 |    13 ||    23
         Mephitic Cloud    |       |     1 |    24 |    39 ||    64
         Vampiric Draining |       |       |     3 |    28 ||    31
    Use: Scroll            |       |     3 |    10 |     8 ||    21
         Potion            |       |     3 |     3 |     6 ||    12
   Stab: Sleeping          |       |     1 |       |       ||     1
         Confused          |       |       |     2 |    12 ||    14
 Armour: Robe              |    57 |    46 |    33 |       ||   136
         Troll leather arm |       |       |    12 |   133 ||   145
  Dodge: Dodged            |    79 |    82 |   118 |   266 ||   545
         Repelled          |       |     1 |     4 |     6 ||    11
  Block: Other             |     4 |    32 |    42 |   132 ||   210
         Reflection        |       |     1 |     3 |     1 ||     5

Table legend: (Time is in decaauts)
 A = Elapsed time spent in this place.
 B = Non-inter-level travel time spent in this place.
 C = Inter-level travel time spent in this place.
 D = Time resting spent in this place.
 E = Time spent auto-exploring this place.
 F = Levels seen in this place.
 G = Mean time per level.
                   A        B        C        D        E       F      G
               +--------+--------+--------+--------+--------+-----+--------+
         Total |  14152 |  13782 |    370 |   2965 |   6581 |  14 | 1010.9 |
       Dungeon |  13503 |  13203 |    300 |   2913 |   6187 |  11 | 1227.5 |
        Temple |    199 |    171 |     28 |      0 |    141 |   1 |  199.0 |
  Orcish Mines |    449 |    407 |     42 |     52 |    253 |   2 |  224.5 |
               +--------+--------+--------+--------+--------+-----+--------+

Top non-repeatable levels by time:
     D:9: 2194 daAuts
     D:6: 1870 daAuts
     D:3: 1822 daAuts
     D:1: 1455 daAuts
    D:10: 1416 daAuts
     D:8: 1370 daAuts
     D:4: 1239 daAuts
     D:2: 746 daAuts
     D:5: 708 daAuts
     D:7: 650 daAuts
   Orc:1: 436 daAuts
  Temple: 199 daAuts
    D:11: 29 daAuts
   Orc:2: 12 daAuts
